 Dungeon Crawl Stone Soup version 0.27-a0-1158-gaa87e14f67 (webtiles) character file.

Game seed: 13149435648166640738

49 avis the Chopper (level 3, -1/31 (33) HPs)
             Began as a Hill Orc Monk on May 15, 2021.
             Slain by Crazy Yiuf
             ... wielding a +4 quarterstaff of chaos
              (11 damage)
             ... on level 2 of the Dungeon on May 16, 2021.
             The game lasted 00:06:01 (1958 turns).

avis the Chopper (Hill Orc Monk)                    Turns: 1958, Time: 00:06:02

HP:   -1/31 (33)    AC:  6    Str: 14    XL:     3   Next: 75%
MP:   0/3           EV:  9    Int: 10    God:
Gold: 72            SH:  0    Dex: 13    Spells: 2/2 levels left

rFire    . . .     SeeInvis .   a - +0 hand axe
rCold    . . .     Faith    .   (no shield)
rNeg     . . .     Spirit   .   l - +0 scale mail
rPois    .         Reflect  .   (no helmet)
rElec    .         Harm     .   (no cloak)
rCorr    .         Rampage  .   (no gloves)
Will     .....                  (no boots)
Stlth    ..........             (no amulet)
HPRegen  0.10/turn              (no ring)
MPRegen  0.08/turn              (no ring)

@: drained
A: no striking features
a: no special abilities


You were on level 2 of the Dungeon.
You visited 1 branch of the dungeon, and saw 2 of its levels.

You collected 72 gold pieces.

Inventory:

Hand Weapons
 a - a +0 hand axe (weapon)
 b - a +0 hunting sling
 i - a +0 flail
 j - a +0 spear
Missiles
 c - 7 stones (quivered)
 d - 39 bolts
 g - 4 datura-tipped darts
Armour
 e - a +0 robe
 l - a +0 scale mail (worn)
Jewellery
 h - a ring of protection from fire
Scrolls
 k - 2 scrolls of magic mapping {unknown}
 m - a scroll of amnesia {unknown}
Potions
 f - 2 potions of curing {unknown}


   Skills:
 - Level 4.0 Fighting
 * Level 5.8 Axes
 - Level 2.4 Dodging
 - Level 1.5 Stealth


You had 2 spell levels left.
You didn't know any spells.
Your spell library contained the following spells:

 Spells                   Type           Power      Damage    Failure   Level
 Corona                   Hex            0%         N/A       86%         1
 Ensorcelled Hibernation  Hex/Ice        0%         N/A       95%         2
 Confusing Touch          Hex            0%         N/A       99%         3
 Dazzling Flash           Conj/Hex       0%         N/A       99%         3
 Tukima's Dance           Hex            0%         N/A       99%         3


Dungeon Overview and Level Annotations

Branches:
Dungeon (2/15)

Altars:
Zin

Annotations:
D:2 Crazy Yiuf


Message History

Throw: 6 stones
Press: ? - help, Q - select action, (/) - cycle Shift-Dir - straight line, f/p - ball python
Aim: a ball python (moderately wounded, 55% to hit)
You throw a stone.
The stone closely misses the ball python.
Throw: 5 stones
Press: ? - help, Q - select action, (/) - cycle Shift-Dir - straight line, f/p - ball python
Aim: a ball python (moderately wounded, 55% to hit)
You throw a stone.
The stone closely misses the ball python.
You hit the ball python.
You kill the ball python!
c - 5 stones (gained 1)
c - 6 stones (gained 1)
c - 7 stones (gained 1)
Found a glowing silver altar of Zin.
Partly explored, can't reach some places.
Partly explored, can't reach some places.
There is an open door here.
Press: ? - help, . - travel You can't see that place. [a runed translucent door.] Reduced exclusion size to a single square.
Removed exclusion.
Crazy Yiuf glowers.
You open the door. You hit Crazy Yiuf but do no damage.
Crazy Yiuf barely misses you.
You hit Crazy Yiuf.
Crazy Yiuf is lightly wounded.
Crazy Yiuf hits you with a +4 quarterstaff of chaos!
You feel drained.
You slash Crazy Yiuf!
Crazy Yiuf is heavily wounded.
Crazy Yiuf grits, "Two turtle return to song!"
Crazy Yiuf hits you with a +4 quarterstaff of chaos!
You feel your power leaking away.
You hit Crazy Yiuf but do no damage.
Crazy Yiuf is heavily wounded.
Crazy Yiuf hits you with a +4 quarterstaff of chaos!
You die...

#.........
#.........
#.........
##........
#........
#........ ###
♣♣###.#####'
#)..#♣♣ ♣♣.....#
#.
#...g@♣♣♣♣......#
#.
#...#♣..♣......##
#. ###
♣♣♣.♣....## #.
♣♣♣♣♣### #.
#####. #.....
#..... #.._..
#.....


You could see Crazy Yiuf.

Vanquished Creatures
  2 adders (D:2)
  A dart slug (D:1)
  3 goblins
  3 hobgoblins
  6 jackals (D:2)
  2 kobolds (D:1)
  2 ball pythons (D:2)
  3 bats
  2 frilled lizards
  3 rats
27 creatures vanquished.

Notes
Turn   | Place    | Note
-------+----------+-------------------------------------------
     0 | D:1      | avis the Hill Orc Monk began the quest for the Orb.
     0 | D:1      | Reached XP level 1. HP: 19/19 MP: 1/1
   134 | D:1      | Found a faded altar of an unknown god.
   210 | D:1      | Reached XP level 2. HP: 23/27 MP: 2/2
  1060 | D:2      | Reached skill level 5 in Axes
  1202 | D:2      | Reached XP level 3. HP: 31/33 MP: 3/3
  1635 | D:2      | Found a runed translucent door.
  1923 | D:2      | Found a glowing silver altar of Zin.
  1951 | D:2      | Noticed Crazy Yiuf
  1958 | D:2      | Slain by Crazy Yiuf

Illustrated notes

Levels and vault maps discovered:
D:1:      elethiomel_arrival_quiet, layout_loops_ring,
          ebering_ecumenical_altar_box
D:2:      layout_basic, basic_altar, uniq_crazy_yiuf_cottage

Skill      XL: |  1  2 |
---------------+-------+-----
Fighting       | 4 |  4.0
Axes           | 5 |  5.8
Dodging        | |  2.4
Stealth        | |  1.5

Action                   || total
-------------------------++-------
Melee: Hand axe          ||    83
Throw: Stone             ||     9
  Use: Scroll            ||     1
 Stab: Sleeping          ||     5
Armor: Robe              ||    15
       Scale mail        ||     2
Dodge: Dodged            ||    35

Table legend: (Time is in decaauts)
 A = Elapsed time spent in this place.
 B = Non-inter-level travel time spent in this place.
 C = Inter-level travel time spent in this place.
 D = Time resting spent in this place.
 E = Time spent auto-exploring this place.
 F = Levels seen in this place.
 G = Mean time per level.
                   A        B        C        D        E       F      G
               +--------+--------+--------+--------+--------+-----+--------+
         Total |   1965 |   1813 |    152 |    539 |    931 |   2 |  982.5 |
       Dungeon |   1965 |   1813 |    152 |    539 |    931 |   2 |  982.5 |
               +--------+--------+--------+--------+--------+-----+--------+

Top non-repeatable levels by time:
     D:2: 1074 daAuts
     D:1: 891 daAuts
